 Dungeon Crawl Stone Soup version 0.21.1-1-g345015f (webtiles) character file.

90 Inarius the Ruffian (level 4, -4/40 HPs)
             Began as a Ghoul Monk on Feb 5, 2018.
             Slain by Terence
             ... wielding a +0 flail
              (10 damage)
             ... on level 2 of the Dungeon.
             The game lasted 00:03:18 (1778 turns).

Inarius the Ruffian (Ghoul Monk)                    Turns: 1778, Time: 00:03:19

Health: -4/40      AC:  3    Str: 14 (15) XL:     4   Next: 56%
Magic:  3/3        EV: 13    Int:  4 (5)  God:
Gold:   82         SH:  0    Dex: 10 (11) Spells: 3/3 levels left

rFire    . . .     SeeInvis .     - Unarmed
rCold    + + .     Gourm    .   (no shield)
rNeg     + + +     Faith    .   a - +0 robe
rPois    ∞         Spirit   .   e - +0 helmet
rElec    .         Reflect  .   (no cloak)
rCorr    .         Harm     .   (no gloves)
MR       .....                  (no boots)
Stlth    ++........             (no amulet)
HPRegen  0.00/turn              i - ring of protection from cold
MPRegen  0.08/turn              (no ring)

@: rotting
A: rotting body, claws 1, carnivore, cold resistance 1, negative energy
resistance 3, inhibited regeneration, torment resistance, unbreathing
a: no special abilities


You were on level 2 of the Dungeon.
You were not hungry.

You visited 1 branch of the dungeon, and saw 2 of its levels.

You collected 82 gold pieces.

Inventory:

Armour
 a - a +0 robe (worn)
 e - a +0 helmet (worn)
Jewellery
 i - a ring of protection from cold (left claw)
Scrolls
 d - a scroll of fear {unknown}
 j - a scroll of identify {unknown}
 k - a scroll of random uselessness {unknown}
Potions
 c - a potion of flight
 h - a potion of magic {unknown}
 l - a potion of haste {unknown}
Comestibles
 b - 6 rations
 f - 3 chunks of flesh


   Skills:
 + Level 3.9 Fighting
 + Level 3.3 Dodging
 - Level 2.1 Stealth
 + Level 4.7 Unarmed Combat


You had 3 spell levels left.
You didn't know any spells.

Dungeon Overview and Level Annotations

Branches:
Dungeon (2/15)

Altars:
Uskayaw

Annotations:
D:2 Terence


Innate Abilities, Weirdness & Mutations

Your body is rotting away.
You thrive on raw meat.
You are immune to poison.
You have sharp fingernails.
You are carnivorous and can eat meat at any time.
Your flesh is cold resistant. (rC+)
You are immune to negative energy. (rN+++)
You do not regenerate when monsters are visible.
You are immune to unholy pain and torment.
You can survive without breathing.


Message History

Terence is moderately wounded.
The rat closely misses you. Terence hits you with a flail!
* * * LOW HITPOINT WARNING * * *
You scratch Terence.
Terence is moderately wounded.
The rat bites you but does no damage. Terence hits you with a flail!
* * * LOW HITPOINT WARNING * * *
You closely miss Terence. Your claw misses Terence.
Terence is moderately wounded.
The rat barely misses you.
It was a potion of curing.
You feel better. Terence hits you with a flail!
* * * LOW HITPOINT WARNING * * *
The rat closely misses you.
You scratch Terence but do no damage.
Terence is moderately wounded.
Terence barely misses you. The rat misses you.
The rat bites you but does no damage. Terence looks scornfully at you.
Terence hits you with a flail!
You die...

......##..#...#
#....#..>###.#
#........# #.#
#.......###.#
#...........#
#####.#######
#.# ########.#
#......@.#
#...††r@.#
#.......##
#.......#
#.......#
#.......#
#.......#
#<.......#
#.#.######


You could see Terence and a rat.

Vanquished Creatures
  Robin (D:2)
  A gnoll (D:1)
  2 adders (D:2)
  3 dart slugs
  2 leopard geckos
  A giant cockroach (D:1)
  11 goblins
  7 hobgoblins
  3 bats (D:1)
  3 frilled lizards (D:1)
  6 kobolds
  A rat (D:1)
41 creatures vanquished.

Notes
Turn   | Place    | Note
-------+----------+-------------------------------------------
     0 | D:1      | Inarius the Ghoul Monk began the quest for the Orb.
     0 | D:1      | Reached XP level 1. HP: 19/19 MP: 0/0
   111 | D:1      | Reached XP level 2. HP: 2/25 MP: 1/1
   579 | D:1      | Reached XP level 3. HP: 33/33 MP: 2/2
   729 | D:1      | Reached skill level 4 in Unarmed Combat
  1392 | D:2      | Noticed Robin
  1466 | D:2      | Reached XP level 4. HP: 28/40 MP: 3/3
  1590 | D:2      | Killed Robin
  1717 | D:2      | Found a hide-covered altar of Uskayaw.
  1751 | D:2      | Noticed Terence
  1778 | D:2      | Slain by Terence

Skill      XL: |  1  2  3 |
---------------+----------+-----
Dodging        | 3 |  3.3
Unarmed Combat | 4 |  4.7
Fighting       | |  3.9
Stealth        | |  2.1

Action                   |  1- 3 |  4- 6 || total
-------------------------+-------+-------++-------
Melee: Unarmed           |   111 |    42 ||   153
       Punch             |       |     1 ||     1
  Use: Potion            |     3 |     1 ||     4
 Stab: Sleeping          |     2 |       ||     2
       Distracted        |       |     1 ||     1
  Eat: Chunk             |    10 |     8 ||    18
Armor: Robe              |    15 |     6 ||    21
Dodge: Dodged            |    57 |    33 ||    90
